 Dungeon Sprint DCSS version 0.22.1-1-ga44c0e56f4 (webtiles) character file.

51 MuseOD the Sneak (level 3, -4/19 HPs)
             Began as a Spriggan Enchanter on Sept 26, 2018.
             Slain by Crazy Yiuf
             ... wielding a +3 quarterstaff of chaos
              (11 damage)
             ... in the Dungeon (Sprint III: "The Ten Rune Challenge").
             The game lasted 00:01:57 (421 turns).

MuseOD the Sneak (Spriggan Enchanter)                Turns: 421, Time: 00:01:58

Health: -4/19      AC:  2    Str:  4    XL:     3   Next: 57%
Magic:  1/8        EV: 18    Int: 17    God:
Gold:   0          SH:  0    Dex: 16    Spells: 2/8 levels left

rFire    . . .     SeeInvis +   a - +1 dagger
rCold    . . .     Gourm    .   (shield restricted)
rNeg     . . .     Faith    .   b - +0 robe
rPois    .         Spirit   .   (helmet restricted)
rElec    .         Reflect  .   (no cloak)
rCorr    .         Harm     .   (gloves unavailable)
MR       .....     NoTele   +   (boots unavailable)
Stlth    ++++......             (no amulet)
HPRegen  0.06/turn              (no ring)
MPRegen  0.11/turn              (no ring)

@: very quick
A: very small, unfitting armour, see invisible, herbivore, speed 3, slow
metabolism 2
a: no special abilities


You were in the Dungeon.
You were not hungry.

You visited 1 branch

Inventory:

Hand Weapons
 a - a +1 dagger (weapon)
Armour
 b - a +0 robe (worn)
Scrolls
 c - a scroll of magic mapping {unknown}
 j - a scroll of blinking
Potions
 e - a potion of curing
 f - a potion of heal wounds
 g - a potion of haste
 h - 2 potions of magic
 i - a potion of berserk rage
Comestibles
 d - a ration


   Skills:
 + Level 2.5 Fighting
 * Level 5.3 Short Blades
 - Level 3.0 Dodging
 + Level 6.9 Stealth
 + Level 3.1 Spellcasting
 + Level 4.0 Hexes


You had 2 spell levels left.
You knew the following spells:

 Your Spells              Type           Power        Failure   Level  Hunger
a - Corona                Hex            ###....      3%          1    None
b - Ensorcelled Hibernat  Hex/Ice        #.....       12%         2    ##.....
c - Confuse               Hex            ###.....     10%         3    ###....

Your spell library contained the following spells:

 Spells                   Type           Power        Failure   Level  Hunger
 Tukima's Dance           Hex            ###.....     10%         3    ###....
 Dazzling Spray           Conj/Hex       #.....       22%         3    ###....


Dungeon Overview and Level Annotations

Branches:
Dungeon (1/1)

Altars:

Annotations:
D Crazy Yiuf


Innate Abilities, Weirdness & Mutations

You are very small and have problems with some larger weapons.
You are too small for most types of armour.
You have supernaturally acute eyesight. (SInv)
You are a herbivore.
You cover ground extremely quickly.
You need to consume almost no food.


Message History

Aim: Crazy Yiuf, wielding a quarterstaff of chaos and wearing a glowing cloak Crazy Yiuf resists with almost no effort.
You see here a rat skeleton.
Casting: Ensorcelled Hibernation (safe; 12% risk of failure)
Confirm with . or Enter, or press ? or * to list all spells.
Aiming: Ensorcelled Hibernation (safe; 12% risk of failure)
Press: ? - help, Shift-Dir - straight line, f/p - Crazy Yiuf
Aim: Crazy Yiuf, wielding a quarterstaff of chaos and wearing a glowing cloak Crazy Yiuf resists with almost no effort.
Crazy Yiuf closely misses you.
There is an open door here.
Casting: Ensorcelled Hibernation (safe; 12% risk of failure)
Confirm with . or Enter, or press ? or * to list all spells.
Aiming: Confuse (safe; 10% risk of failure)
Press: ? - help, Shift-Dir - straight line, f/p - Crazy Yiuf
Aim: Crazy Yiuf, wielding a quarterstaff of chaos and wearing a glowing cloak Crazy Yiuf resists with almost no effort.
Crazy Yiuf hits you with a quarterstaff of chaos!
Ouch! That really hurt!
You die...

▓.....#....≈♣♣♣♣♣.#
▓.....#...≈≈.♣..♣.#
▓.....#..≈≈≈≈♣.♣♣.+
▓####'#..≈≈≈≈≈≈♣..#
▓)....#.≈≈≈≈≈≈....#
▓.).÷.#.≈≈≈≈≈.....#
▓.....#.≈≈≈.......#
▓g#####...........#
▓.@...............#
▓▓▓▓▓▓▓▓▓▓▓▓▓▓▓▓▓▓▓


You could see Crazy Yiuf.

Vanquished Creatures
  Jessica (D)
  A human (D)
  An ooze (D)
  2 rats (D)
5 creatures vanquished.

Vanquished Creatures (others)
  2 draconian scorchers (D)
  6 hellions (D)
  A yaktaur (D)
9 creatures vanquished.

Grand Total: 14 creatures vanquished

Notes
Turn   | Place    | Note
-------+----------+-------------------------------------------
     0 | D        | MuseOD the Spriggan Enchanter began the quest for the Orb.
     0 | D        | Reached XP level 1. HP: 9/9 MP: 5/5
     4 | D        | Reached skill level 1 in Fighting
     4 | D        | Reached skill level 5 in Stealth
    12 | D        | Noticed Jessica
    17 | D        | Killed Jessica
    17 | D        | Reached skill level 6 in Stealth
    17 | D        | Reached XP level 2. HP: 15/15 MP: 6/6
    17 | D        | Reached XP level 3. HP: 18/18 MP: 8/8
    21 | D        | Learned a level 2 spell: Ensorcelled Hibernation
    25 | D        | Learned a level 3 spell: Confuse
    52 | D        | Killed a yaktaur
    66 | D        | Reached skill level 5 in Short Blades
    74 | D        | Noticed Crazy Yiuf
   148 | D        | Killed a hellion
   148 | D        | Killed a hellion
   149 | D        | Killed a hellion
   149 | D        | Killed a hellion
   150 | D        | Killed a hellion
   210 | D        | Killed a white draconian scorcher
   253 | D        | Killed a white draconian scorcher
   307 | D        | Killed a hellion
   421 | D        | Slain by Crazy Yiuf

Skill      XL: |  1  2  3 |
---------------+----------+-----
Fighting       | 2 |  2.5
Short Blades   | 4 5 |  5.3
Stealth        | 6 |  6.9
Spellcasting   | 3 |  3.1
Hexes          | 4 |  4.0
Dodging        | |  3.0

Action                   || total
-------------------------++-------
Melee: Dagger            ||     6
 Cast: Ensorcelled Hiber ||    11
       Confuse           ||     1
 Stab: Sleeping          ||     4
Dodge: Dodged            ||     9
